 Dungeon Crawl Stone Soup version 0.29-a0-472-ge5599a681e (webtiles) character file.

Game seed: 1234296543259698206

3757 ytrimaz the Martial Artist (level 10, -18/70 HPs)
             Began as an Octopode Transmuter on May 22, 2022.
             Was a Follower of Ashenzari.
             Demolished by an orc warlord
             ... wielding a +0 war axe
              (19 damage)
             ... in a bailey.
             The game lasted 00:20:31 (12859 turns).

ytrimaz the Martial Artist (Octopode Transmuter)   Turns: 12859, Time: 00:20:32

Health: -18/70     AC:  8    Str:  9    XL:     10   Next: 15%
Magic:  0/18       EV: 15    Int: 20    God:    Ashenzari [*.....]
Gold:   433        SH:  0    Dex: 13    Spells: 4/22 levels left

rFire   . . .      SeeInvis +     - Unarmed
rCold   + + +      Faith    .   (shield currently unavailable)
rNeg    . . .      Spirit   +   (helmet currently unavailable)
rPois   +          Reflect  .   t - amulet of guardian spirit
rElec   .          Harm     .   b - ring "Prophetic Morality" {rF+, Cun, Self} (curse)
rCorr   +          Rampage  .   i - ring of see invisible
Will    .....                   k - ring of resist corrosion
Stlth   ++++......              a - ring of the Tethered Oracle {rC+, Bglg, Elem} (curse)
HPRegen 0.21/turn               l - +4 ring of evasion
MPRegen 0.16/turn               (no ring)
                                (no ring)
                                (no ring)

@: mighty, ice-form
A: freezing attack, boosted hp, almost no armour, amphibious, 8 rings, large,
(camouflage 1), (gelatinous body 1), (nimble swimmer 1), (tentacles), low MP 1,
wild magic 1
a: End Transformation, Renounce Religion, Shatter the Chains


You were in a bailey.
You worshipped Ashenzari.
Ashenzari was aware of your devotion.
You were a creature of crystalline ice.
You visited 2 branches of the dungeon, and saw 10 of its levels.
You also visited: Bailey.

You collected 433 gold pieces.

Inventory:

Missiles
 f - 3 throwing nets
Jewellery
 a - the cursed ring of the Tethered Oracle (on tentacle) {rC+, Bglg, Elem}
   (You found it on level 4 of the Dungeon)

   [ring of protection from cold]

   rC:        It protects you from cold.
   It has a curse which improves the following skills: Beguiling: Conjurations,
   Hexes and Translocations.
   Elements:  Fire Magic, Ice Magic, Air Magic and Earth Magic.
 b - the cursed ring "Prophetic Morality" (left front paw) {rF+, Cun, Self}
   (You found it on level 2 of the Dungeon)

   [ring of protection from fire]

   rF:        It protects you from fire.
   It has a curse which improves the following skills: Cunning: Dodging and
   Stealth.
   Introspection: Fighting and Spellcasting.
 i - a ring of see invisible (right front paw)
 k - a ring of resist corrosion (on tentacle)
 l - a +4 ring of evasion (on tentacle)
 t - an amulet of guardian spirit (around neck)
Wands
 c - a wand of flame (12)
 o - a wand of acid (1) (quivered)
Scrolls
 g - 3 scrolls of noise
 m - 2 scrolls of blinking
 n - a scroll of acquirement
 p - a scroll of magic mapping
 s - 5 scrolls of teleportation
 u - a scroll of summoning
 w - 2 scrolls of fog
Potions
 d - 3 potions of resistance
 e - 4 potions of brilliance
 h - 6 potions of curing
 j - a potion of heal wounds
 r - a potion of might
 v - a potion of cancellation


   Skills:
 - Level 1.0(1.5) Fighting
 * Level 3.0(3.7) Dodging
 - Level 7.0(7.8) Stealth
 + Level 9.5 Unarmed Combat
 + Level 5.8(6.7) Spellcasting
 * Level 6.2 Transmutations
 * Level 2.4(3.1) Ice Magic
 - Level 4.0 Poison Magic


You had 4 spell levels left.
You knew the following spells:

 Your Spells              Type           Power      Damage    Failure   Level
a - Beastly Appendage     Tmut           82%        N/A       1%          1
b - Wereblood             Tmut           41%        N/A       2%          2
c - Spider Form           Tmut/Pois      35%        N/A       6%          3
d - Ice Form              Ice/Tmut       33%        N/A       21%         4
e - Olgreb's Toxic Radia  Pois           29%        N/A       26%         4
f - Leda's Liquefaction   Hex/Erth       4%         N/A       75%         4

Your spell library contained the following spells:

 Spells                   Type           Power      Damage    Failure   Level
 Call Canine Familiar     Summ           8%         N/A       36%         3
 Portal Projectile        Hex/Tloc       18%        N/A       36%         3
 Ozocubu's Refrigeration  Ice            12%        4d7       100%        7
 Ignition                 Fire           4%         3d4       100%        8


Dungeon Overview and Level Annotations

Branches:
Dungeon (9/15)             Temple (1/1) D:7          Bailey (1/1)
   Lair: D:8-11         Orc: D:9-12

Altars:
Ashenzari
Cheibriados
Dithmenos
Elyvilon
Fedhas
Gozag
Hepliaklqana
Kikubaaqudgha
Makhleb
Nemelex Xobeh
Okawaru
Qazlal
Ru
Sif Muna
Trog
Uskayaw
Vehumet
Wu Jian
Xom
Yredelemnul
Zin
The Shining One

Shops:
D:1 =:   D:7 (   D:8 (

Annotations:
D:3 1 runed translucent door, Crazy Yiuf
D:6 exclusion: door, Dowan, Duvessa


Innate Abilities, Weirdness & Mutations

You are a creature of crystalline ice.
You have a powerful freezing melee attack.
Your maximum health is increased.
Your armour is entirely melded.
You are incapable of wielding weapons or throwing items.
You cannot wear most types of armour.
You are amphibious.
You can wear up to eight rings at the same time.
((Your skin changes colour to match your surroundings (Stealth+).))
((Your rubbery body absorbs attacks. (AC +1, EV +1)))
((You are camouflaged when in or above water. (Stealth+)))
((You have tentacles for arms and can constrict up to eight enemies at once.))
Your magical capacity is low. (-10% MP)
Your spells are a little harder to cast, but a little more powerful.


Message History

The orc warlord is lightly wounded.
You feel very mighty all of a sudden.
Items here: ( )))) [[[[ ÷÷÷÷÷.
Casting: Spider Form (dangerous; 6% risk of failure)
Confirm with . or Enter, or press ? or * to list all spells.
The spell is quite dangerous to miscast (21% risk of failure)!
Continue anyway?
Okay, then.
Casting: Ice Form (quite dangerous; 21% risk of failure)
Confirm with . or Enter, or press ? or * to list all spells.
The spell is quite dangerous to miscast (21% risk of failure)!
Continue anyway?
You turn into a creature of crystalline ice.
You punch the orc warlord! You freeze the orc warlord.
The orc warlord is lightly wounded.
The orc warlord completely misses you.
You punch the orc warlord! You freeze the orc warlord.
The orc warlord is moderately wounded.
The orc warlord hits you with a +0 war axe!!
You punch the orc warlord! You freeze the orc warlord.
The orc warlord is moderately wounded.
The orc warlord hits you with a +0 war axe.
You hit the orc warlord. You freeze the orc warlord.
The orc warlord is moderately wounded.
The orc warlord is no longer covered in acid.
The orc warlord barely misses you.
You punch the orc warlord! You freeze the orc warlord.
The orc warlord is heavily wounded.
The orc warlord hits you with a +0 war axe!!
You punch the orc warlord! You freeze the orc warlord.
The orc warlord is heavily wounded.
You pummel the orc warlord!! You freeze the orc warlord.
The orc warlord is severely wounded.
The orc warlord closely misses you.
You pummel the orc warlord!! You freeze the orc warlord.
The orc warlord is almost dead.
The orc warlord hits you with a +0 war axe!!
* * * LOW HITPOINT WARNING * * *
Unknown command.
The orc warlord attacks as you move away!
The orc warlord hits you with a +0 war axe!!
You die...

≈≈#o≈≈##...)..##≈≈♣
.....}≈#)....##...♣
.....?≈#....##....♣
...8.8##....#.....♣♣
......#.....'......♣
.∩....#.....(...∩.∩♣
......#.....'......♣
...8.8##....#...o.♣♣
.....?≈#....##..Y.♣
.....)≈#..(..##))(♣
≈≈#≈≈≈##......##≈≈♣
#######........#≈≈♣
....'....8..8..#≈≈♣
≈≈≈(#..........#≈≈♣
≈≈≈≈#.........##≈≈♣
≈≈≈≈##...8...##≈≈≈♣
.....##.....##≈≈≈♣♣


You could see an orc warlord.

Vanquished Creatures
  Maggie (D:8)
  A wyvern (D:8)
  Eustachio (D:6)
  3 water moccasins
  An ice beast (D:5)
  3 orc warriors (Bailey)
  A black bear (D:7)
  3 ogres
  2 centaurs
  A phantom (D:7)
  Blork the orc (D:5)
  3 bullfrogs
  2 necrophages
  6 scorpions
  5 wights
  5 howler monkeys (D:9)
  2 jellies
  A hound (D:6)
  3 iguanas
  Natasha (thrice) (D:4)
  3 orc wizards
  Robin (D:4)
  15 gnolls
  10 adders
  A white imp (D:3)
  A worm (D:4)
  3 dart slugs (D:4)
  23 orcs
  8 ball pythons
  6 endoplasms
  3 giant cockroaches (D:1)
  22 goblins
  8 hobgoblins
  3 jackals (D:2)
  19 kobolds
  3 quokkas
  7 bats
  3 frilled lizards
  A goblin zombie (D:3)
  3 hobgoblin zombies (D:3)
  A kobold skeleton (D:3)
  An orc skeleton (D:3)
  2 orc zombies (D:3)
  8 rats
203 creatures vanquished.

Vanquished Creatures (others)
  8 fungi (D:4)
8 creatures vanquished.

Grand Total: 211 creatures vanquished

Notes
Turn   | Place    | Note
-------+----------+-------------------------------------------
     0 | D:1      | ytrimaz the Octopode Transmuter began the quest for the
                  | Orb.
     0 | D:1      | Reached XP level 1. HP: 13/13 MP: 3/3
   197 | D:1      | Reached skill level 1 in Stealth
   203 | D:1      | Reached XP level 2. HP: 18/18 MP: 3/5
   301 | D:1      | Found Utask's One-of-a-Kind Rings.
   354 | D:1      | Found Ryrunkeju's Book Shop.
   763 | D:1      | Reached XP level 3. HP: 21/23 MP: 6/6
   767 | D:1      | Learned a level 3 spell: Spider Form
  1135 | D:2      | Learned a level 2 spell: Wereblood
  1321 | D:2      | Reached skill level 4 in Unarmed Combat
  1987 | D:3      | Found a runed translucent door.
  1988 | D:3      | Noticed Crazy Yiuf
  2033 | D:3      | Reached XP level 4. HP: 28/28 MP: 5/7
  2068 | D:3      | Found a glowing golden altar of the Shining One.
  2620 | D:3      | Reached skill level 1 in Poison Magic
  2892 | D:4      | Noticed a necrophage
  2922 | D:4      | HP: 1/27 [necrophage (3)]
  2923 | D:4      | Killed a necrophage
  2924 | D:4      | Reached XP level 5. HP: 2/33 MP: 3/8
  3927 | D:4      | Noticed an ogre
  4081 | D:4      | Noticed Robin
  4081 | D:4      | Noticed Natasha
  4142 | D:4      | Killed Robin
  4161 | D:4      | Reached XP level 6. HP: 20/38 MP: 6/9
  4174 | D:4      | Learned a level 4 spell: Ice Form
  4199 | D:4      | Killed Natasha
  4295 | D:4      | Noticed Natasha
  4301 | D:4      | Killed Natasha
  4333 | D:4      | Reached skill level 5 in Unarmed Combat
  4814 | D:4      | Noticed Natasha
  4823 | D:4      | Killed Natasha
  5110 | D:4      | Found the +8 trident of the Octopus King {venom, rElec
                  | rPois}
  5141 | D:4      | Found an ornate altar of the Wu Jian Council.
  5158 | D:4      | Reached skill level 5 in Stealth
  5251 | D:5      | Entered Level 5 of the Dungeon
  5665 | D:5      | Noticed an ice beast
  5700 | D:5      | Killed an ice beast
  5701 | D:5      | Reached XP level 7. HP: 26/43 MP: 5/11
  6127 | D:5      | Found a shadowy altar of Dithmenos.
  6270 | D:5      | Noticed Blork the orc
  6276 | D:5      | Found a shimmering blue altar of Sif Muna.
  6287 | D:5      | Killed Blork the orc
  6691 | D:5      | Identified a scroll of acquirement
  6978 | D:6      | Reached skill level 6 in Unarmed Combat
  6978 | D:6      | Reached XP level 8. HP: 48/48 MP: 7/14
  7751 | D:6      | Noticed Duvessa
  7751 | D:6      | Noticed Dowan
  7830 | D:6      | Noticed Eustachio
  7859 | D:6      | Killed Eustachio
  7860 | D:6      | Reached skill level 7 in Unarmed Combat
  9041 | D:4      | Reached XP level 9. HP: 53/53 MP: 7/16
  9206 | D:4      | Reached skill level 5 in Spellcasting
  9424 | D:7      | Found Lorivvest's Antique Weapon Boutique.
  9495 | D:7      | Found a staircase to the Ecumenical Temple.
  9563 | Temple   | Entered the Ecumenical Temple
  9783 | D:7      | Reached skill level 8 in Unarmed Combat
 10019 | D:7      | Found an iron altar of Okawaru.
 10020 | D:7      | Found a broken altar of Ashenzari.
 10061 | D:7      | Became a worshipper of Ashenzari the Shackled
 10090 | D:7      | Found a shimmering altar of Xom.
 10471 | D:7      | Reached skill level 5 in Transmutations
 10478 | D:7      | Gained mutation: You occasionally shout uncontrollably at
                  | your foes. [mutagenic glow]
 10593 | D:7      | Lost mutation: You occasionally shout uncontrollably at
                  | your foes. [potion of mutation]
 10593 | D:7      | Gained mutation: Your magical capacity is low. (-10% MP)
                  | [potion of mutation]
 10593 | D:7      | Gained mutation: Your spells are a little harder to cast,
                  | but a little more powerful. [potion of mutation]
 11327 | D:8      | Found Aqohaydocs's Antique Weapon Boutique.
 11642 | D:8      | Noticed Maggie
 11665 | D:8      | Killed Maggie
 11666 | D:8      | Reached skill level 9 in Unarmed Combat
 11666 | D:8      | Reached skill level 1 in Ice Magic
 11675 | D:8      | Learned a level 4 spell: Olgreb's Toxic Radiance
 12291 | D:9      | Reached * piety under Ashenzari
 12306 | D:9      | Reached XP level 10. HP: 57/59 MP: 12/17
 12405 | D:9      | Found a flagged portal.
 12431 | Bailey   | Entered a bailey
 12439 | Bailey   | Noticed an orc warlord
 12527 | Bailey   | Learned a level 4 spell: Leda's Liquefaction
 12772 | Bailey   | Found a runed translucent gate.
 12773 | Bailey   | Found a runed translucent gate.
 12774 | Bailey   | Found a runed translucent gate.
 12858 | Bailey   | HP: 1/70 [orc warlord/+0 war axe (26)]
 12859 | Bailey   | Demolished by an orc warlord

Illustrated notes

Levels and vault maps discovered:
D:1:      minmay_arrival_cross, layout_basic, serial_shops, nicolae_shop_stone,
          nicolae_shop_unique_rings, hangedman_decor_push
D:2:      wad_pebble_path, layout_loops_ring
D:3:      layout_rooms, nicolae_tso_besieged_by_evil, minmay_misc_feat_alley,
          feat_on_display, uniq_crazy_yiuf_cottage
D:4:      old_forge, layout_basic, nicolae_wu_jian_wuxing_cycle,
          kennysheep_generic_room_4, uniq_robin, uniq_natasha
D:5:      layout_loops_ring, mainiacjoe_overflow_alcove_1, tgw_sif
D:6:      dreamdust_elfheim, layout_loops_ring, uniq_eustachio
D:7:      layout_cave_pods, mainiacjoe_overflow_alcove_4,
          mainiacjoe_overflow_divided_tiny, minmay_temple_entry_sparse_star,
          serial_shops, nicolae_shop_hallway_stairs
D:8:      layout_loops_ring, serial_shops, shop, uniq_maggie
D:9:      layout_roguey, lightli_bailey_entry_fortress
Temple:   regret_index_temple_waves
Bailey:   bailey_axe_bossmonster_kennysheep, bailey

Skill      XL: |  1  2  3  4  5  6  7  8  9 10 |
---------------+-------------------------------+-----
Stealth        | 1 2 3 4 5 7 |  7.0
Unarmed Combat | 4 5 6 7 9 |  9.5
Poison Magic   | 1 2 3 4 |  4.0
Spellcasting   | 3 4 5 |  5.8
Transmutations | 4 6 |  6.2
Ice Magic      | 1 2 |  2.4
Dodging        | 3 |  3.0
Fighting       | |  1.0

Action                   |  1- 3 |  4- 6 |  7- 9 | 10-12 || total
-------------------------+-------+-------+-------+-------++-------
Melee: Unarmed           |    84 |   171 |   229 |    97 ||   581
       Constrict         |    27 |    41 |     8 |    14 ||    90
       Tentacles         |    21 |    33 |    11 |    14 ||    79
       Kick              |    13 |    25 |     1 |     3 ||    42
       Punch             |     1 |     4 |     4 |     5 ||    14
 Cast: Beastly Appendage |    22 |    16 |     1 |     1 ||    40
       Wereblood         |       |     5 |     4 |     3 ||    12
       Spider Form       |       |     1 |    27 |     3 ||    31
       Ice Form          |       |       |     2 |     1 ||     3
Invok: Curse Item        |       |       |     2 |       ||     2
Evoke: Wand              |       |       |     5 |     2 ||     7
  Use: Scroll            |     2 |     7 |     5 |       ||    14
       Potion            |       |     2 |     5 |     1 ||     8
 Stab: Sleeping          |     8 |     9 |    11 |       ||    28
       Distracted        |       |       |     1 |       ||     1
Armor: Skin              |    15 |    27 |    20 |    12 ||    74
Dodge: Dodged            |    65 |    85 |   204 |   117 ||   471

Table legend: (Time is in decaauts)
 A = Elapsed time spent in this place.
 B = Non-inter-level travel time spent in this place.
 C = Inter-level travel time spent in this place.
 D = Time resting spent in this place.
 E = Time spent auto-exploring this place.
 F = Levels seen in this place.
 G = Mean time per level.
                   A        B        C        D        E       F      G
               +--------+--------+--------+--------+--------+-----+--------+
         Total |  12816 |  12191 |    625 |   3039 |   6965 |  11 | 1165.1 |
       Dungeon |  12224 |  11627 |    597 |   2987 |   6785 |   9 | 1358.2 |
        Temple |    173 |    145 |     28 |      0 |    123 |   1 |  173.0 |
        Bailey |    418 |    418 |      0 |     52 |     57 |   1 |  418.0 |
               +--------+--------+--------+--------+--------+-----+--------+

Top non-repeatable levels by time:
     D:4: 3302 daAuts
     D:6: 1892 daAuts
     D:5: 1682 daAuts
     D:7: 1313 daAuts
     D:3: 1071 daAuts
     D:8: 1023 daAuts
     D:1: 1008 daAuts
     D:2: 763 daAuts
  Bailey: 418 daAuts
  Temple: 173 daAuts
     D:9: 166 daAuts
